cohdb
Replays
Latest Replays
All Replays
Popular Replays
Top Player Replays
Match Explorer
How It Works
Community
CoH3 Stats
Reddit
Sign in to upload your games and track your stats! →
Sign in with Steam
Match 42518091
Unlisted
Match 42518091
Overview
Messages
Build Orders
End
Kradschützen Motorcycle Team
Selects Italian Combined Arms Battlegroup
Selects Bersaglieri Squad
Bersaglieri Squad
Bersaglieri Squad
Construct Light Support Kompanie
Panzerjäger Squad
Bersaglieri Squad
Selects Bersaglieri Bolster
Fire Support Elements
Construct Mechanized Kompanie
StuG III D Assault Gun
2.5-tonne Medical Truck
StuG III D Assault Gun
Panzerjäger Squad
Emergency Repair Kits
Selects Semovente da 75/18 Assault Gun
Selects Carro Armato M13/40 Light Tank
Construct Panzerarmee Kommand
Marder III Tank Destroyer
Tungsten Core Ammunition
Selects Artillery Cover
2.5-tonne Medical Truck
18-tonne Recovery Half-track
Fajolada
Guderian ITA
0
0
Comments
sign in to comment!
No comments posted yet!